 Dungeon Crawl Stone Soup version 0.29-a0-1008-g949cc1d0fb (webtiles) character file.

Game seed: 17097600880615554378

1993 xian the Conjurer (level 9, -2/43 HPs)
             Began as a Vine Stalker Conjurer on Aug 6, 2022.
             Was a High Priest of Elyvilon.
             Slain by a centaur warrior (3 damage)
             ... on level 8 of the Dungeon on Aug 7, 2022.
             The game lasted 00:27:15 (8556 turns).

xian the Conjurer (Vine Stalker Conjurer)           Turns: 8556, Time: 00:27:16

Health: -2/43      AC:  5    Str: 16    XL:     9   Next: 21%
Magic:  0/19       EV: 14    Int: 22    God:    Elyvilon [*****.]
Gold:   364        SH:  0    Dex: 21    Spells: 17/20 levels left

rFire   . . .      SeeInvis +   e - +1 falchion "Loschyte" {speed, Fly rPois rCorr Dex+8}
rCold   . . .      Faith    .   (no shield)
rNeg    . . .      Spirit   +   p - +0 leather armour "Viola" {+Blink Regen+ SInv}
rPois   +          Reflect  .   (no helmet)
rElec   .          Harm     .   n - +0 cloak
rCorr   +          Rampage  .   (no gloves)
Will    +....                   r - +0 pair of boots
Stlth   +++.......              (no amulet)
HPRegen 1.74/turn               j - +6 ring of strength
MPRegen 0.16/turn               (no ring)

@: flying
A: fangs 3, regeneration 1, magic shield, antimagic bite, no potion heal 2
a: Renounce Religion, Evoke Blink, Purification, Heal Other, Heal Self, Divine
Vigour


You were on level 8 of the Dungeon.
You worshipped Elyvilon.
Elyvilon was extremely pleased with you.
You visited 2 branches of the dungeon, and saw 9 of its levels.
You also visited: Sewer.

You collected 430 gold pieces.
You spent 66 gold pieces at shops.

Inventory:

Hand Weapons
 e - the +1 falchion "Loschyte" (weapon) {speed, Fly rPois rCorr Dex+8}
   (You found it on level 3 of the Dungeon)

   Attacks with this weapon are significantly faster.
   Dex:       It affects your dexterity (+8).
   rPois:     It protects you from poison.
   Fly:       It grants you flight.
   rCorr:     It protects you from acid and corrosion.
Armour
 l - a +0 scale mail of poison resistance
 n - a +0 cloak (worn)
 p - the +0 leather armour "Viola" (worn) {+Blink Regen+ SInv}
   (You found it in a sewer)

   SInv:      It lets you see invisible.
   +Blink:    It lets you blink.
   Regen:     It increases your rate of health regeneration.
 r - a +0 pair of boots (worn)
Jewellery
 j - a +6 ring of strength (left hand)
Wands
 o - a wand of flame (28)
Scrolls
 a - a scroll of immolation
 c - 6 scrolls of teleportation
 d - a scroll of enchant weapon
 f - a scroll of amnesia
 m - a scroll of fear
Potions
 b - 2 potions of magic
 g - a potion of heal wounds {unknown}
 h - 6 potions of flight
 i - 5 potions of curing
 k - 2 potions of degeneration {unknown}
 q - a potion of might {unknown}
 t - a potion of attraction {unknown}


   Skills:
 + Level 2.4 Fighting
 + Level 2.6 Long Blades
 + Level 2.9 Armour
 + Level 3.9 Dodging
 + Level 5.2 Stealth
 + Level 6.2 Spellcasting
 + Level 7.3 Conjurations


You had 17 spell levels left.
You knew the following spells:

 Your Spells              Type           Power      Damage    Failure   Level
a - Magic Dart            Conj           100%       1d8       1%          1
b - Searing Ray           Conj           78%        2d7       1%          2

Your spell library contained the following spells:

 Spells                   Type           Power      Damage    Failure   Level
 Shock                    Conj/Air       88%        1d8       2%          1
 Dazzling Flash           Conj/Hex       44%        N/A       7%          3
 Fulminant Prism          Conj/Hex       11%        3d9       24%         4
 Iskenderun's Mystic Bla  Conj/Tloc      22%        2d6       24%         4
 Swiftness                Air            6%         N/A       32%         3
 Airstrike                Air            3%         2d(1-17)  71%         4


Dungeon Overview and Level Annotations

Branches:
Dungeon (8/15)             Temple (1/1) D:6           Sewer (visited)
   Lair: D:8-11

Altars:
Ashenzari
Cheibriados
Dithmenos
Elyvilon
Fedhas
Gozag
Hepliaklqana
Kikubaaqudgha
Makhleb
Nemelex Xobeh
Okawaru
Qazlal
Ru
Sif Muna
Trog
Uskayaw
Vehumet
Wu Jian
Xom
Yredelemnul
Zin
The Shining One

Shops:
D:3 ?:=   D:6 :


Innate Abilities, Weirdness & Mutations

You have razor-sharp teeth.
Your natural rate of healing is unusually fast.
When hurt, damage is shared between your health and your magic reserves.
Your bite disrupts and absorbs the magic of your enemies.
Potions cannot restore your health.


Message History

The centaur warrior hits you!
* * * LOW HITPOINT WARNING * * *
The centaur warrior kicks you but does no damage.
Okay, then.
Okay, then.
Casting: Searing Ray (safe; 1% risk of failure)
Confirm with . or Enter, or press ? or * to list all spells.
Aiming: Searing Ray (safe; 1% risk of failure)
Press: ? - help, Shift-Dir - straight line, f - centaur warrior
Aim: a centaur warrior (severely wounded, 86% to hit)
The searing ray misses the centaur warrior. (Press . to maintain the ray.)
The centaur warrior hits you!
* * * LOW HITPOINT WARNING * * *
The centaur warrior completely misses you.
The searing ray hits the centaur warrior!
The centaur warrior is almost dead.
The centaur warrior hits you.
* * * LOW HITPOINT WARNING * * *
The centaur warrior kicks you.
* * * LOW HITPOINT WARNING * * *
The centaur warrior hits you!
* * * LOW HITPOINT WARNING * * *
The centaur warrior kicks you but does no damage.
Without enough magic to sustain it, your searing ray dissipates.
The centaur warrior completely misses you.
The centaur warrior barely misses you.
Unknown command.
Aiming: Throw Flame
Press: ? - help, Shift-Dir - straight line, f/p - centaur warrior
Aim: a centaur warrior (almost dead, 77% to hit)
The puff of flame hits the centaur warrior.
The centaur warrior is almost dead.
The centaur warrior hits you.
* * * LOW HITPOINT WARNING * * *
The centaur warrior kicks you. Elyvilon protects you from harm!
The centaur warrior hits you but does no damage.
The centaur warrior kicks you.
You die...

#####†## #†# #######
####.# ##)..... #....#
#....... #.####
############.......
#.#
####.......##.........
#.#
#.....####.##.##......
#.####.....#
#.##.........
#...##....@#
#.##.########
#######.##....c#
#.##.......#
#.......##.....#
#.########.#
#.########.....#
#....# #...#
#.......##.....#
####.###.###
#######.##.....+
#......# ####.##.?...#
#..##### #<...##.....#
#..# ###### #..#


You could see a centaur warrior.

Vanquished Creatures
  2 water moccasins
  An orc warrior (D:6)
  A centaur (D:8)
  A bullfrog (D:7)
  2 kobold brigands (D:7)
  3 scorpions
  5 killer bees (D:8)
  A jelly (D:7)
  8 orc priests
  3 hounds
  4 orc wizards
  Ijyb (D:4)
  4 iguanas
  A merfolk siren (Sewer)
  A merfolk avatar (Sewer)
  16 adders
  3 river rats
  2 white imps
  4 ufetubi
  A worm (D:5)
  4 dart slugs
  35 orcs
  14 ball pythons
  6 endoplasms
  7 giant cockroaches
  4 hobgoblins
  6 quokkas
  8 bats
  4 frilled lizards
  9 goblins
  9 kobolds
  32 rats
202 creatures vanquished.

Notes
Turn   | Place    | Note
-------+----------+-------------------------------------------
     0 | D:1      | xian the Vine Stalker Conjurer began the quest for the Orb.
     0 | D:1      | Reached XP level 1. HP: 9/9 MP: 4/4
    85 | D:1      | Found a faded altar of an unknown god.
    98 | D:1      | Prayed at the altar of an unknown god.
    98 | D:1      | Became a worshipper of Elyvilon the Healer
    98 | D:1      | Reached * piety under Elyvilon
   232 | D:1      | Reached XP level 2. HP: 13/13 MP: 3/6
   273 | D:1      | Learned a level 2 spell: Searing Ray
   899 | D:1      | Reached XP level 3. HP: 16/16 MP: 4/7
  1334 | D:2      | Reached ** piety under Elyvilon
  1796 | D:2      | Reached skill level 5 in Conjurations
  1796 | D:2      | Gained mutation: Your natural rate of healing is unusually
                  | fast. [Vine Stalker growth]
  1796 | D:2      | Reached XP level 4. HP: 20/21 MP: 1/8
  2240 | D:3      | Found Non Ott's Magic Scroll Shop.
  2279 | D:3      | Bought a scroll of teleportation for 33 gold pieces
  2279 | D:3      | Bought a scroll of noise for 11 gold pieces
  2279 | D:3      | Bought a scroll of identify for 22 gold pieces
  2321 | D:3      | Found a white marble altar of Elyvilon.
  2370 | D:3      | Found Eniodul's Book Shoppe.
  2565 | D:3      | Reached *** piety under Elyvilon
  2672 | D:3      | Found Taadd's Jewellery Shoppe.
  2751 | D:3      | Reached XP level 5. HP: 24/24 MP: 2/10
  3007 | D:3      | Identified the +1 falchion "Loschyte" {speed, Fly rPois
                  | rCorr Dex+8}
  3244 | D:3      | Found an iron altar of Okawaru.
  3244 | D:3      | Found a shadowy altar of Dithmenos.
  3244 | D:3      | Found a blossoming altar of Fedhas.
  3244 | D:3      | Found a broken altar of Ashenzari.
  3265 | D:3      | HP: 1/24 [adder (2)]
  3269 | D:3      | Found a radiant altar of Vehumet.
  3269 | D:3      | Found a stormy altar of Qazlal.
  3282 | D:3      | HP: 1/24 [poisoned by an adder]
  3448 | D:4      | Reached XP level 6. HP: 26/29 MP: 1/12
  3512 | D:4      | Reached skill level 6 in Conjurations
  3917 | D:4      | Reached skill level 1 in Fighting
  3980 | D:4      | Noticed Ijyb
  3991 | D:4      | Killed Ijyb
  4467 | D:5      | Entered Level 5 of the Dungeon
  4480 | D:5      | Found a glowing silver altar of Zin.
  4480 | D:5      | Noticed an angel
  4563 | D:5      | Reached XP level 7. HP: 33/33 MP: 8/14
  4591 | D:5      | Found a glowing drain.
  4615 | Sewer    | Entered a sewer
  5006 | Sewer    | Reached skill level 1 in Long Blades
  5189 | Sewer    | Identified the +0 leather armour "Viola" {+Blink Regen+
                  | SInv}
  5741 | D:5      | Gained mutation: You have razor-sharp teeth. [Vine Stalker
                  | growth]
  5741 | D:5      | Reached XP level 8. HP: 35/37 MP: 3/16
  6178 | D:6      | Reached skill level 5 in Stealth
  6197 | D:6      | Reached **** piety under Elyvilon
  6233 | D:6      | Found Soum's Self-Improvement Boutique.
  6318 | D:6      | Found a sacrificial altar of Ru.
  6330 | D:6      | Reached skill level 5 in Spellcasting
  6411 | D:6      | Found a hide-covered altar of Uskayaw.
  6413 | D:6      | Found a glowing golden altar of the Shining One.
  6436 | D:6      | Found an ornate altar of the Wu Jian Council.
  6489 | D:6      | Found a staircase to the Ecumenical Temple.
  6505 | Temple   | Entered the Ecumenical Temple
  7020 | D:6      | Reached skill level 1 in Armour
  7266 | D:7      | Found an opulent altar of Gozag.
  7266 | D:7      | Found a sparkling altar of Nemelex Xobeh.
  7498 | D:7      | Reached skill level 7 in Conjurations
  8057 | D:7      | Reached XP level 9. HP: 36/42 MP: 5/19
  8057 | D:7      | Upgraded the game from 0.29-a0-1006-g0dd7720b37 to
                  | 0.29-a0-1008-g949cc1d0fb
  8500 | D:8      | Reached ***** piety under Elyvilon
  8542 | D:8      | Noticed a centaur warrior
  8554 | D:8      | HP: 1/43 [centaur warrior (5)]
  8556 | D:8      | Elyvilon protects you from harm!
  8556 | D:8      | Slain by a centaur warrior

Illustrated notes

Levels and vault maps discovered:
D:1:      minmay_arrival_pointy, layout_loops_ring,
          ebering_ecumenical_altar_rust
D:2:      layout_basic, minmay_ruptured
D:3:      layout_loops_ring, minmay_overflow_temple_hex,
          mainiacjoe_overflow_six_doors_small, serial_shops,
          nicolae_shop_behind_doors, nicolae_shop_advertising_works
          [nicolae_subvault_shop_adworks], shop
D:4:      layout_basic, uniq_ijyb
D:5:      layout_basic, zin_angel, portal_sewer_entry_b
D:6:      layout_cave_pools, mainiacjoe_overflow_brackets,
          nicolae_ru_great_annihilating_truth,
          chequers_temple_overflow_statue_of_worship,
          minmay_temple_entry_proselytizer, nicolae_shop_self_help
D:7:      layout_cave_pools, grunt_temple_overflow_opulence,
          minmay_chambers_of_fives
D:8:      layout_basic, enter_bailey_8, uniq_pikel
Temple:   hellmonk_temple_flake

Skill      XL: |  1  2  3  4  5  6  7  8 |
---------------+-------------------------+-----
Conjurations   | 5 6 7 |  7.3
Stealth        | 3 4 5 |  5.2
Dodging        | 2 3 |  3.9
Spellcasting   | 3 4 6 |  6.2
Fighting       | 1 2 |  2.4
Long Blades    | 2 |  2.6
Armour         | 2 |  2.9

Action                   |  1- 3 |  4- 6 |  7- 9 || total
-------------------------+-------+-------+-------++-------
Melee: Unarmed           |     9 |       |       ||     9
       Bite              |     4 |    14 |    18 ||    36
       Short sword       |     3 |     5 |       ||     8
       Falchion          |       |    36 |    55 ||    91
       Punch             |       |     1 |       ||     1
 Cast: Magic Dart        |    76 |    84 |   144 ||   304
       Searing Ray       |       |    15 |    28 ||    43
Evoke: Wand              |       |       |     1 ||     1
  Use: Scroll            |     5 |     5 |     4 ||    14
       Potion            |       |     2 |       ||     2
 Stab: Sleeping          |     1 |       |     6 ||     7
Armor: Robe              |     7 |    13 |     7 ||    27
       Leather armour    |       |       |    32 ||    32
Dodge: Dodged            |    17 |    58 |   120 ||   195

Table legend: (Time is in decaauts)
 A = Elapsed time spent in this place.
 B = Non-inter-level travel time spent in this place.
 C = Inter-level travel time spent in this place.
 D = Time resting spent in this place.
 E = Time spent auto-exploring this place.
 F = Levels seen in this place.
 G = Mean time per level.
                   A        B        C        D        E       F      G
               +--------+--------+--------+--------+--------+-----+--------+
         Total |   8538 |   8343 |    195 |    227 |   6725 |  10 |  853.8 |
       Dungeon |   7642 |   7447 |    195 |    227 |   6045 |   8 |  955.2 |
        Temple |    164 |    164 |      0 |      0 |    134 |   1 |  164.0 |
         Sewer |    731 |    731 |      0 |      0 |    546 |   1 |  731.0 |
               +--------+--------+--------+--------+--------+-----+--------+

Top non-repeatable levels by time:
     D:7: 1350 daAuts
     D:1: 1295 daAuts
     D:3: 1178 daAuts
     D:4: 1043 daAuts
     D:2: 943 daAuts
     D:5: 925 daAuts
     D:6: 747 daAuts
   Sewer: 731 daAuts
  Temple: 164 daAuts
     D:8: 158 daAuts
